[Event "120'/40 Runde3"]
[Site "zt"]
[Date "2004.10.15"]
[Round "3"]
[White "Goda, Frederic"]
[Black "Andritzke, Karl-Heinz"]
[Result "0-1"]
[ECO "E33"]
[WhiteElo "1399"]
[BlackElo "1490"]
[Annotator ",Fred"]
[PlyCount "76"]
[EventDate "2004.??.??"]
[TimeControl "40/7200:0"]

{304MB, Fritz8.ctg, SCHACHCOM} 1. d4 Nf6 2. c4 e6 3. Nc3 Bb4 4. Qc2 Nc6 5. Nf3
d5 6. Bg5 h6 7. Bd2 dxc4 8. e3 Bxc3 9. Bxc3 b5 10. b3 b4 11. Ne5 Nxe5 12. dxe5
Nd5 13. Rd1 Qe7 14. Bb2 c3 15. Bc1 O-O 16. e4 Nb6 17. Bd3 Bb7 18. O-O Rfd8 19.
Qe2 Nd7 20. Qg4 Nxe5 21. Qe2 a5 22. Bc4 Qh4 23. f3 Ng6 24. g3 Qe7 25. f4 Qc5+
26. Be3 Qe7 27. Bd3 a4 28. h4 axb3 29. axb3 Ra3 30. h5 Nf8 31. f5 Qd6 32. Qg4
exf5 33. Rxf5 Bc8 34. Bc2 Bxf5 35. Qxf5 Qe7 36. Qf3 Rxd1+ 37. Bxd1 Ra1 38. Kf2
Ra2+ 0-1

[Event "120'/40 Runde4"]
[Site "zt"]
[Date "2004.10.29"]
[Round "4"]
[White "Fiedler, Peter"]
[Black "Oberst, Thomas"]
[Result "0-1"]
[ECO "A46"]
[WhiteElo "1766"]
[BlackElo "2280"]
[Annotator ",Fred"]
[PlyCount "60"]
[EventDate "2004.??.??"]
[TimeControl "40/7200:0"]

{304MB, Fritz8.ctg, SCHACHCOM} 1. d4 Nf6 2. Nf3 b5 3. e3 a6 4. c4 bxc4 5. Bxc4
e6 6. O-O Be7 7. Nc3 O-O 8. Bd2 d5 9. Be2 Nbd7 10. Rc1 c5 11. dxc5 Nxc5 12. Be1
Qb6 13. b4 Nce4 14. Nxe4 Nxe4 15. Qb3 Bf6 16. Bd3 Bb7 17. Bxe4 dxe4 18. Nd2
Rac8 19. Rxc8 Rxc8 20. Nc4 Qc7 21. Na5 Bd5 22. Qa4 Qc2 23. Qd7 Bxa2 24. b5 axb5
25. Qxb5 Bd5 26. Qb4 h6 27. Bd2 Be5 28. f4 exf3 29. Rc1 Qxc1+ 30. Bxc1 Rxc1+
0-1

[Event "120'/40 Runde4"]
[Site "zt"]
[Date "2004.10.29"]
[Round "4"]
[White "Grupp, Berthold"]
[Black "Wolf, Rainer"]
[Result "0-1"]
[ECO "A13"]
[WhiteElo "1730"]
[BlackElo "2048"]
[Annotator ",Fred"]
[PlyCount "28"]
[EventDate "2004.??.??"]
[TimeControl "40/7200:0"]

{304MB, Fritz8.ctg, SCHACHCOM} 1. Nf3 Nf6 2. g3 e6 3. c4 d5 4. b3 Be7 5. Bb2
O-O 6. Bg2 e5 7. Bxe5 dxc4 8. d4 Nc6 9. O-O Ne4 10. Nc3 Bf6 11. e3 Bg4 12. Ne2
Qc8 13. Re1 Qf5 14. Nf4 g5 0-1

[Event "120'/40 Runde4"]
[Site "zt"]
[Date "2004.10.29"]
[Round "4"]
[White "Lepschi, Albert"]
[Black "Neidlinger, Markus"]
[Result "0-1"]
[ECO "B27"]
[WhiteElo "1699"]
[BlackElo "2000"]
[Annotator ",Fred"]
[PlyCount "100"]
[EventDate "2004.??.??"]
[TimeControl "40/7200:0"]

{304MB, Fritz8.ctg, SCHACHCOM} 1. e4 c5 2. Nf3 g6 3. Bc4 Bg7 4. Nc3 Nc6 5. O-O
e6 6. Re1 Nge7 7. b3 a6 8. a4 O-O 9. Bb2 d5 10. exd5 exd5 11. Bf1 Qa5 12. h3
Bf5 13. Qc1 Rfe8 14. Nh4 Be6 15. Nf3 Rac8 16. Ne2 Bh6 17. Ng3 Nf5 18. Ne2 Nd6
19. Ng3 Nd4 20. Bc3 Nxf3+ 21. gxf3 Qd8 22. Qd1 d4 23. Bb2 Qh4 24. Kh2 Bf4 25.
Re4 Nxe4 26. fxe4 h5 27. d3 Bg4 28. Qe1 f5 29. Bc1 Bf3 30. Kg1 fxe4 31. dxe4
Bxg3 32. fxg3 Qxe4 33. Qf2 Rf8 34. Bc4+ Kg7 35. Qd2 Qe3+ 36. Qxe3 dxe3 37. Bxe3
Be4 38. Bf4 Bxc2 39. Rc1 Bf5 40. Bd5 b6 41. Bb7 Bxh3 42. Bxa6 Rce8 43. Bb5 Rxf4
44. gxf4 Re4 45. Kh2 Be6 46. a5 bxa5 47. Rxc5 Bxb3 48. Rc7+ Kf6 49. Kg3 a4 50.
Ra7 Bd1 0-1

[Event "120'/40 Runde4"]
[Site "zt"]
[Date "2004.10.29"]
[Round "4"]
[White "Mayer, Arnd"]
[Black "Zierke, Markus"]
[Result "1-0"]
[ECO "D02"]
[WhiteElo "2020"]
[BlackElo "1745"]
[Annotator ",Fred"]
[PlyCount "73"]
[EventDate "2004.??.??"]
[TimeControl "40/7200:0"]

{304MB, Fritz8.ctg, SCHACHCOM} 1. d4 Nc6 2. Nf3 d5 3. Bf4 Nf6 4. e3 a6 5. c4
Bf5 6. Nc3 e6 7. Rc1 Ne4 8. a3 Nxc3 9. Rxc3 Bd6 10. Bg5 Be7 11. Bf4 Bd6 12.
Bxd6 Qxd6 13. Qa4 O-O 14. Be2 dxc4 15. Qxc4 Be4 16. O-O Qd5 17. Rfc1 Rfc8 18.
Qxd5 exd5 19. Nd2 Bf5 20. b4 Re8 21. Nb3 Re7 22. Bf1 Bd7 23. Nc5 Ra7 24. Bxa6
Rxa6 25. Nxa6 bxa6 26. Rxc6 Bxc6 27. Rxc6 Re6 28. Rxc7 g6 29. Kf1 Rb6 30. Rc5
Rd6 31. Ke2 Kf8 32. Kd3 Ke7 33. Rc7+ Ke6 34. f3 h6 35. e4 f5 36. e5 Rb6 37. Rg7
1-0

[Event "120'/40 Runde4"]
[Site "zt"]
[Date "2004.10.29"]
[Round "4"]
[White "Gebhardt, Uwe"]
[Black "Gonzalez, Juan Jose"]
[Result "0-1"]
[ECO "E20"]
[WhiteElo "1980"]
[BlackElo "1697"]
[Annotator ",Fred"]
[PlyCount "81"]
[EventDate "2004.??.??"]
[TimeControl "40/7200:0"]

{304MB, Fritz8.ctg, SCHACHCOM} 1. d4 Nf6 2. c4 e6 3. Nc3 Bb4 4. Bd2 O-O 5. a3
Be7 6. e4 d5 7. cxd5 exd5 8. e5 Ne8 9. Bd3 c5 10. dxc5 Bxc5 11. Nf3 Nc6 12.
Bxh7+ Kxh7 13. Ng5+ Kg8 14. Qh5 Bf5 15. O-O Nxe5 16. Bf4 Bg6 17. Qd1 Nd3 18.
Qd2 Nf6 19. Ra2 Ne4 20. Qxd3 Nxg5 21. Qb5 Ne6 22. Bg3 a6 23. Qxb7 d4 24. Nd1
Bd6 25. b4 Bxg3 26. fxg3 Ng5 27. Nf2 Qd6 28. Rc1 Rfb8 29. Qc7 Qe6 30. Raa1 Rc8
31. Qf4 Qe3 32. Rd1 Ne4 33. Re1 Qxf2+ 34. Qxf2 Nxf2 35. Kxf2 Rc2+ 36. Kf3 Rac8
37. Rad1 R8c3+ 38. Kg4 d3 39. h4 Rc4+ 40. Kg5 Rxg2 41. Rxd3 0-1

[Event "120'/40 Runde4"]
[Site "zt"]
[Date "2004.10.29"]
[Round "4"]
[White "Hoffart, Alexander"]
[Black "Dorer, Manfred"]
[Result "1-0"]
[ECO "B82"]
[WhiteElo "1872"]
[BlackElo "1799"]
[Annotator ",Fred"]
[PlyCount "79"]
[EventDate "2004.??.??"]
[TimeControl "40/7200:0"]

{304MB, Fritz8.ctg, SCHACHCOM} 1. e4 c5 2. Nf3 d6 3. d4 cxd4 4. Nxd4 Nf6 5. Nc3
a6 6. Be3 Qc7 7. Bd3 e6 8. O-O Be7 9. f4 Nc6 10. Qf3 O-O 11. Qg3 Bd7 12. f5
Nxd4 13. Bxd4 e5 14. Be3 Rfe8 15. Nd5 Nxd5 16. exd5 Bf6 17. Be4 Kh8 18. Qf3
Rac8 19. Rac1 Qd8 20. c4 Qa5 21. g4 Qd8 22. b4 Bg5 23. Rf2 Bxe3 24. Qxe3 f6 25.
c5 a5 26. c6 bxc6 27. dxc6 axb4 28. cxd7 Rxc1+ 29. Qxc1 Qxd7 30. Qc6 Qxc6 31.
Bxc6 Rc8 32. Bd5 Rc5 33. Rd2 g6 34. Be6 Rc6 35. Rb2 Rc1+ 36. Kf2 Rd1 37. Ke3
Rd4 38. fxg6 hxg6 39. Rd2 Rf4 40. Rxd6 1-0

[Event "120'/40 Runde4"]
[Site "zt"]
[Date "2004.10.29"]
[Round "4"]
[White "Schwab, Matthias"]
[Black "Scholz, Michael"]
[Result "1-0"]
[ECO "D21"]
[WhiteElo "1862"]
[BlackElo "1484"]
[Annotator ",Fred"]
[PlyCount "53"]
[EventDate "2004.??.??"]
[TimeControl "40/7200:0"]

{304MB, Fritz8.ctg, SCHACHCOM} 1. d4 d5 2. c4 dxc4 3. Nf3 e6 4. e4 Nf6 5. Nc3
a6 6. Bxc4 Bb4 7. d5 Nxe4 8. Qa4+ b5 9. Bxb5+ axb5 10. Qxb5+ c6 11. Qxb4 Nxc3
12. Qxc3 Qa5 13. b4 Qxd5 14. Qxg7 Rf8 15. Bh6 Qd6 16. Qxf8+ Qxf8 17. Bxf8 Kxf8
18. O-O Ra4 19. Rfd1 Ke7 20. a3 Nd7 21. Nd4 c5 22. Nc6+ Kf6 23. b5 Ne5 24. Nxe5
Kxe5 25. Rac1 c4 26. b6 Bb7 27. Rd7 1-0

[Event "120'/40 Runde4"]
[Site "zt"]
[Date "2004.10.29"]
[Round "4"]
[White "Andritzke, Karl-Heinz"]
[Black "Kühn, Bernd"]
[Result "0-1"]
[ECO "A03"]
[WhiteElo "1490"]
[BlackElo "1704"]
[Annotator ",Fred"]
[PlyCount "92"]
[EventDate "2004.??.??"]
[TimeControl "40/7200:0"]

{304MB, Fritz8.ctg, SCHACHCOM} 1. f4 d5 2. Nf3 g6 3. e3 Bg7 4. Be2 Nf6 5. O-O
O-O 6. Nc3 c5 7. d4 b6 8. b3 Bb7 9. Bb2 Nbd7 10. Rb1 Rc8 11. Bb5 a6 12. Bxd7
Qxd7 13. Ne5 Qc7 14. Ne2 c4 15. b4 Ne4 16. c3 f6 17. Nf3 Rcd8 18. Ng3 Bc8 19.
Rc1 Bg4 20. Qc2 Nxg3 21. hxg3 Bf5 22. Qa4 Qb7 23. Kf2 e5 24. Rh1 h6 25. Nh4 Be4
26. Qd1 g5 27. Nf3 exf4 28. exf4 Qd7 29. Qd2 a5 30. a3 Ra8 31. Ra1 Qf5 32. a4
axb4 33. cxb4 Rfe8 34. Rhe1 Bf8 35. a5 bxa5 36. bxa5 Reb8 37. Bc3 Bd6 38. Kg1
gxf4 39. Nh4 Qg5 40. Bb4 Rxb4 41. Nf3 Qxg3 42. Rf1 Rab8 43. a6 Rb2 44. Rf2 Rxd2
45. Rxd2 Bxf3 46. a7 Ra8 0-1

[Event "120'/40 Runde4"]
[Site "zt"]
[Date "2004.10.29"]
[Round "4"]
[White "Sanna, Guiseppe"]
[Black "Geisdorf, Uwe"]
[Result "0-1"]
[ECO "D85"]
[WhiteElo "1520"]
[BlackElo "1650"]
[Annotator ",Fred"]
[PlyCount "94"]
[EventDate "2004.??.??"]
[TimeControl "40/7200:0"]

{304MB, Fritz8.ctg, SCHACHCOM} 1. d4 Nf6 2. Nf3 g6 3. c4 Bg7 4. Nc3 d5 5. cxd5
Nxd5 6. e4 Nxc3 7. bxc3 c5 8. Be3 O-O 9. h3 Nc6 10. Bc4 cxd4 11. cxd4 Qa5+ 12.
Qd2 Qxd2+ 13. Kxd2 Rd8 14. Kc3 Na5 15. Be2 Be6 16. Kb4 Nc6+ 17. Kc3 Rac8 18.
Kd3 Nxd4 19. Bxd4 Bxd4 20. Nxd4 Rc4 21. Ke3 Rcxd4 22. Rhd1 Rxd1 23. Bxd1 Bc4
24. Bc2 b5 25. a3 Kg7 26. Rd1 Rxd1 27. Bxd1 e5 28. g4 Kf6 29. h4 Ke6 30. g5 Kd6
31. f4 a5 32. Bc2 b4 33. axb4 axb4 34. Bb1 b3 35. Kf3 exf4 36. Kxf4 Be2 37. Ke3
Bd1 38. Kd2 Bg4 39. Ke3 Ke5 40. Bd3 Bd1 41. Kd2 Bc2 42. Bc4 f6 43. Bg8 fxg5 44.
hxg5 Kf4 45. Bxh7 Bxe4 46. Kc1 Kxg5 47. Bg8 Bc2 0-1

[Event "120'/40 Runde4"]
[Site "zt"]
[Date "2004.10.22"]
[Round "4"]
[White "Topalovic, Ljubisav"]
[Black "Piontek, Carsten"]
[Result "1-0"]
[ECO "C29"]
[WhiteElo "1618"]
[BlackElo "1331"]
[Annotator ",Fred"]
[PlyCount "29"]
[EventDate "2004.??.??"]
[TimeControl "40/7200:0"]

{304MB, Fritz8.ctg, SCHACHCOM} 1. e4 e5 2. Nc3 Nf6 3. f4 Nc6 4. Nf3 d6 5. Bb5
Bd7 6. Bxc6 Bxc6 7. fxe5 Nxe4 8. Nxe4 Bxe4 9. exd6 Bxd6 10. O-O O-O 11. d3 Bc6
12. c3 Re8 13. Ng5 f6 14. Qb3+ Kh8 15. Nf7+ 1-0

[Event "120'/40 Runde4"]
[Site "zt"]
[Date "2004.10.29"]
[Round "4"]
[White "Kelemen, Norbert"]
[Black "Pletz, Bernd"]
[Result "1/2-1/2"]
[ECO "B83"]
[WhiteElo "1542"]
[BlackElo "1270"]
[Annotator ",Fred"]
[PlyCount "54"]
[EventDate "2004.??.??"]
[TimeControl "40/7200:0"]

{304MB, Fritz8.ctg, SCHACHCOM} 1. e4 c5 2. Nf3 d6 3. d4 cxd4 4. Nxd4 Bd7 5. Nc3
e6 6. Be2 Nf6 7. O-O Be7 8. Be3 Nc6 9. f4 Nxd4 10. Qxd4 O-O 11. Rad1 Bc6 12.
Bf3 Qc7 13. Qc4 a6 14. a4 b6 15. Ne2 Qb7 16. Nc3 Rac8 17. Qd4 Rb8 18. e5 Bxf3
19. Rxf3 dxe5 20. fxe5 Bc5 21. Qh4 Bxe3+ 22. Rxe3 Nd7 23. Rh3 h6 24. Rg3 Kh7
25. Qg4 Rg8 26. Qf4 Rgf8 27. Ne4 Nc5 1/2-1/2

[Event "120'/40 Runde4"]
[Site "zt"]
[Date "2004.10.28"]
[Round "4"]
[White "Locher, Klaus"]
[Black "Huppertz, Anton"]
[Result "1-0"]
[ECO "A13"]
[WhiteElo "1800"]
[BlackElo "1172"]
[Annotator ",Fred"]
[PlyCount "64"]
[EventDate "2004.??.??"]
[TimeControl "40/7200:0"]

{304MB, Fritz8.ctg, SCHACHCOM} 1. c4 e6 2. Nc3 c5 3. e4 a6 4. g3 Nc6 5. Bg2 d6
6. Nge2 e5 7. d3 h6 8. Be3 Be6 9. f4 f5 10. Qd2 Nf6 11. h3 Be7 12. exf5 Bxf5
13. g4 Bh7 14. O-O O-O 15. f5 Rb8 16. Ng3 Kh8 17. Rae1 Bg8 18. Nce4 Nxe4 19.
Bxe4 Bh4 20. Kg2 Bxg3 21. Kxg3 Bh7 22. h4 Qa5 23. Qxa5 Nxa5 24. g5 hxg5 25.
hxg5 Bxf5 26. Bxf5 Rfe8 27. Rh1+ Kg8 28. Be4 Kf8 29. Ref1+ Ke7 30. Rh7 Nc6 31.
Kg4 Kd8 32. Bxc6 bxc6 1-0

[Event "120'/40 Runde4"]
[Site "julihzl"]
[Date "2004.10.29"]
[Round "4"]
[White "Meyer, Roland"]
[Black "Nuber, Reinhard"]
[Result "1-0"]
[ECO "D35"]
[WhiteElo "2101"]
[BlackElo "1764"]
[Annotator ",Fred"]
[PlyCount "109"]
[EventDate "2004.??.??"]
[TimeControl "40/7200:0"]

{304MB, Fritz8.ctg, SCHACHCOM} 1. d4 Nf6 2. Nf3 d5 3. c4 e6 4. Nc3 Nbd7 5. cxd5
exd5 6. Bg5 Be7 7. e3 c6 8. Bd3 Ne4 9. Bxe7 Qxe7 10. Bxe4 dxe4 11. Nd2 f5 12.
g4 Nf6 13. g5 Nd5 14. Nxd5 cxd5 15. Qb3 Be6 16. Qb5+ Qd7 17. Qxd7+ Kxd7 18. Nb3
b6 19. Kd2 Rac8 20. Rac1 Rxc1 21. Nxc1 g6 22. Ne2 h6 23. Rg1 h5 24. Nf4 Bf7 25.
Rc1 Rc8 26. Rxc8 Kxc8 27. Ke2 Kd7 28. Kf1 Kd6 29. Kg2 Be8 30. Kg3 Bf7 31. Ne2
Be8 32. Kf4 Ke6 33. Nc3 Kd6 34. a4 Ke6 35. b3 Kd6 36. b4 Ke6 37. b5 Kd6 38. Na2
Bd7 39. Nb4 Be8 40. Na6 Bd7 41. Nb8 Be8 42. h3 Kc7 43. Nc6 a6 44. Ke5 Bxc6 45.
bxc6 Kxc6 46. Kf6 b5 47. axb5+ axb5 48. Kxg6 b4 49. Kh7 b3 50. g6 b2 51. g7
b1=Q 52. g8=Q f4 53. Qc8+ Kd6 54. Qc5+ Ke6 55. Qc6+ 1-0

[Event "120'/40 Runde4"]
[Site "julihzl"]
[Date "2004.10.29"]
[Round "4"]
[White "Hartmann, Thomas"]
[Black "Krauß, Rainer"]
[Result "1-0"]
[ECO "D25"]
[WhiteElo "1910"]
[BlackElo "1780"]
[Annotator ",Fred"]
[PlyCount "83"]
[EventDate "2004.??.??"]
[TimeControl "40/7200:0"]

{304MB, Fritz8.ctg, SCHACHCOM} 1. d4 d5 2. c4 dxc4 3. Nf3 Nf6 4. e3 Bg4 5. Bxc4
e6 6. Nc3 Bb4 7. Qa4+ Nc6 8. Ne5 Bxc3+ 9. bxc3 O-O 10. Nxc6 bxc6 11. Qxc6 Qd6
12. Qxd6 cxd6 13. Bd3 Rfb8 14. Ba3 Rb6 15. Kd2 Rab8 16. Rab1 Bf5 17. Rb4 Bxd3
18. Kxd3 Ng4 19. Rf1 Nxh2 20. Rfb1 Rxb4 21. Rxb4 Rxb4 22. Bxb4 Ng4 23. f3 Nf6
24. Bxd6 Ne8 25. Bb8 a6 26. Kc4 f5 27. Kb4 Nf6 28. Ka5 Nd5 29. c4 Nxe3 30. c5
Nd5 31. c6 Kf7 32. c7 Ne7 33. Kxa6 Ke8 34. Kb7 Kd7 35. a4 Nc8 36. a5 Nd6+ 37.
Kb6 Nc4+ 38. Kb5 Nd6+ 39. Kc5 Nb7+ 40. Kb4 Kc8 41. a6 Nd6 42. Kc5 1-0

[Event "120'/40 Runde4"]
[Site "julihzl"]
[Date "2004.10.29"]
[Round "4"]
[White "Jahn, Manfred"]
[Black "Sauter, Berthold"]
[Result "1-0"]
[ECO "E61"]
[WhiteElo "1596"]
[BlackElo "1421"]
[Annotator ",Fred"]
[PlyCount "93"]
[EventDate "2004.??.??"]
[TimeControl "40/7200:0"]

{304MB, Fritz8.ctg, SCHACHCOM} 1. d4 Nf6 2. c4 g6 3. Nc3 Bg7 4. Nf3 d6 5. Bg5
Nbd7 6. e3 O-O 7. Be2 Re8 8. O-O c6 9. Rc1 Qc7 10. h3 e5 11. Qc2 exd4 12. exd4
Nb6 13. Bf4 Bf5 14. Qd2 Qd8 15. b3 Rc8 16. Rfe1 d5 17. c5 Nbd7 18. Bg5 Qc7 19.
Bf4 Qd8 20. Nh4 Ne4 21. Nxe4 Bxe4 22. Nf3 Bxf3 23. Bxf3 Qh4 24. Bg4 Qd8 25.
Rxe8+ Qxe8 26. Re1 Qd8 27. Bg5 f6 28. Be6+ Kh8 29. Bh6 Qc7 30. Bf4 Qd8 31. Qb4
b5 32. cxb6 axb6 33. Qd6 Qf8 34. Qxd7 Rd8 35. Qxc6 Qb4 36. Rc1 Qxd4 37. Be3 Qe5
38. Qxb6 Re8 39. Rc8 Rf8 40. Rxf8+ Bxf8 41. Qd8 Kg7 42. Qd7+ Kh8 43. Qf7 Qa1+
44. Kh2 Bd6+ 45. g3 Bxg3+ 46. Kxg3 Qe5+ 47. Kg2 1-0

[Event "120'/40 Runde 5"]
[Site "julihzl"]
[Date "2004.11.12"]
[Round "5"]
[White "Oberst, Thomas"]
[Black "Hoffart, Alexander"]
[Result "1-0"]
[ECO "A28"]
[WhiteElo "2280"]
[BlackElo "1872"]
[Annotator ",FRED"]
[PlyCount "41"]
[EventDate "2004.??.??"]
[TimeControl "40/7200:0"]

{304MB, Fritz8.ctg, SCHACHCOM} 1. Nf3 Nc6 2. c4 e5 3. Nc3 Nf6 4. d3 Bb4 5. Bd2
d6 6. a3 Bxc3 7. Bxc3 O-O 8. e3 Bg4 9. Be2 Re8 10. h3 Bxf3 11. Bxf3 e4 12. Bxf6
Qxf6 13. dxe4 Qxb2 14. O-O Rab8 15. Qa4 Qc3 16. Rab1 a6 17. Rxb7 Ne5 18. Rfb1
Rbc8 19. Rxc7 Nd3 20. Qd7 Ne5 21. Qxc8 1-0

[Event "120'/40 Runde 5"]
[Site "julihzl"]
[Date "2004.11.12"]
[Round "5"]
[White "Wolf, Rainer"]
[Black "Stürmer, Axel"]
[Result "1-0"]
[ECO "A04"]
[WhiteElo "2048"]
[BlackElo "1904"]
[Annotator ",FRED"]
[PlyCount "78"]
[EventDate "2004.??.??"]
[TimeControl "40/7200:0"]

{304MB, Fritz8.ctg, SCHACHCOM} 1. Nf3 c5 2. e3 g6 3. Be2 Bg7 4. d4 Nc6 5. O-O
b6 6. d5 Ne5 7. c4 d6 8. Nc3 Bd7 9. Kh1 Qc8 10. a4 h5 11. Ng5 Nh6 12. e4 Bg4
13. f3 Bd7 14. a5 O-O 15. axb6 axb6 16. Rxa8 Qxa8 17. f4 Neg4 18. h3 Nf6 19. e5
Nh7 20. Nxh7 Kxh7 21. exd6 exd6 22. Ne4 Qb8 23. g4 hxg4 24. hxg4 Rh8 25. Kg2
Bd4 26. Rh1 Kg7 27. f5 Nxg4 28. Bxg4 gxf5 29. Bh3 Rxh3 30. Rxh3 fxe4 31. Bh6+
Kf6 32. Qf1+ Bf5 33. Qf4 Qg8+ 34. Rg3 Qh7 35. Qg5+ Ke5 36. Bg7+ Qxg7 37. Qxg7+
Kf4 38. Qg5+ Ke5 39. Rg4 Be3 1-0

[Event "120'/40 Runde 5"]
[Site "julihzl"]
[Date "2004.11.12"]
[Round "5"]
[White "Neidlinger, Markus"]
[Black "Locher, Klaus"]
[Result "1-0"]
[ECO "B41"]
[WhiteElo "2000"]
[BlackElo "1800"]
[Annotator ",FRED"]
[PlyCount "83"]
[EventDate "2004.??.??"]
[TimeControl "40/7200:0"]

{304MB, Fritz8.ctg, SCHACHCOM} 1. e4 c5 2. Nf3 e6 3. d4 cxd4 4. Nxd4 a6 5. Be3
Qc7 6. Be2 Nf6 7. Nd2 d5 8. Bf3 dxe4 9. Nxe4 Nbd7 10. c3 Nxe4 11. Bxe4 Nf6 12.
Bf3 Be7 13. Ne2 O-O 14. Qb3 e5 15. Ng3 Bc5 16. Bg5 Be7 17. O-O Rb8 18. Rfe1 h6
19. Be3 b5 20. Rad1 Be6 21. Qc2 b4 22. Qa4 bxc3 23. bxc3 Bd7 24. Qxa6 Rb2 25.
Ne4 Nxe4 26. Bxe4 Bb5 27. Qb6 Qxc3 28. Bc1 Bc5 29. Bxb2 Qxe1+ 30. Rxe1 Bxb6 31.
Bxe5 Re8 32. Bc3 Re6 33. Bd5 Rxe1+ 34. Bxe1 Kf8 35. Bb4+ Ke8 36. g3 g5 37. h4
Bd4 38. Kg2 Kd7 39. Bf8 Bc6 40. Bxc6+ Kxc6 41. Kf3 Be5 42. g4 1-0

[Event "120'/40 Runde 5"]
[Site "julihzl"]
[Date "2004.11.12"]
[Round "5"]
[White "Heinrich, Klaus"]
[Black "Geutebrueck, Sebastian"]
[Result "1/2-1/2"]
[ECO "A03"]
[WhiteElo "1844"]
[BlackElo "1923"]
[Annotator ",FRED"]
[PlyCount "31"]
[EventDate "2004.??.??"]
[TimeControl "40/7200:0"]

{304MB, Fritz8.ctg, SCHACHCOM} 1. f4 d5 2. Nf3 Nf6 3. e3 Bg4 4. Be2 Nbd7 5. Ne5
Bxe2 6. Qxe2 e6 7. b3 c6 8. Bb2 Be7 9. O-O O-O 10. d3 h6 11. Nd2 Nh7 12. Nxd7
Qxd7 13. Nf3 a5 14. Ne5 Qc7 15. Ng4 f5 16. Ne5 1/2-1/2

[Event "120'/40 Runde 5"]
[Site "julihzl"]
[Date "2004.11.12"]
[Round "5"]
[White "Mouratidis, Charalampos"]
[Black "Hartmann, Thomas"]
[Result "1-0"]
[ECO "B01"]
[WhiteElo "1666"]
[BlackElo "1910"]
[Annotator ",FRED"]
[PlyCount "91"]
[EventDate "2004.??.??"]
[TimeControl "40/7200:0"]

{304MB, Fritz8.ctg, SCHACHCOM} 1. e4 d5 2. exd5 Nf6 3. d4 Nxd5 4. c4 Nb4 5.
Qa4+ N8c6 6. a3 Na6 7. d5 Nc5 8. Qd1 Nb8 9. Nc3 a5 10. Be3 e5 11. Qh5 Nbd7 12.
Bg5 Be7 13. Nh3 h6 14. Be3 g6 15. Qd1 a4 16. f3 Nb3 17. Rb1 Bc5 18. Bxc5 Ndxc5
19. Nf2 Bf5 20. Nd3 Qg5 21. Nxc5 Nxc5 22. Ne4 Nxe4 23. fxe4 Bxe4 24. Rc1 Qe3+
25. Be2 Bxg2 26. Rc3 Qd4 27. Rd3 Qh4+ 28. Kd2 Bxh1 29. Qxh1 O-O 30. Rg3 Qd4+
31. Kc1 Ra6 32. Qg2 Rb6 33. Bd3 Kg7 34. h4 Qxh4 35. c5 Rf6 36. Kb1 Re8 37. d6
c6 38. Rg4 Qe1+ 39. Ka2 e4 40. Bxe4 b6 41. Bd3 Qe6+ 42. Bc4 Qd7 43. Qh3 Re1 44.
Rxg6+ fxg6 45. Qxd7+ Kh8 46. Qd8+ 1-0

[Event "120'/40 Runde 5"]
[Site "julihzl"]
[Date "2004.11.12"]
[Round "5"]
[White "Dorer, Manfred"]
[Black "Lainburg, Viktor"]
[Result "0-1"]
[ECO "B06"]
[WhiteElo "1799"]
[BlackElo "2070"]
[Annotator ",FRED"]
[PlyCount "96"]
[EventDate "2004.??.??"]
[TimeControl "40/7200:0"]

{304MB, Fritz8.ctg, SCHACHCOM} 1. e4 g6 2. d4 Bg7 3. Nf3 d6 4. h3 Nf6 5. Bd3
O-O 6. O-O Nc6 7. a3 e5 8. d5 Ne7 9. c4 Nh5 10. Nc3 h6 11. Be3 Nf4 12. Bc2 f5
13. exf5 Nxf5 14. Bxf4 exf4 15. Qd2 g5 16. Rae1 Bd7 17. Ne2 Qf6 18. Nc3 Rae8
19. Rxe8 Rxe8 20. Re1 Nd4 21. Rxe8+ Bxe8 22. Nxd4 Qxd4 23. Qxd4 Bxd4 24. Kf1
Bxc3 25. bxc3 Kg7 26. Ke2 Kf6 27. f3 Ke5 28. Be4 Ba4 29. Kd2 Bb3 30. Bd3 b5 31.
cxb5 Kxd5 32. Bg6 Kc5 33. Be8 Bc4 34. a4 Bf1 35. Bd7 Kb6 36. Be6 Ka5 37. Ke1
Bd3 38. Kd2 Bg6 39. Bb3 Bf5 40. Bd1 Kb6 41. Bb3 Kc5 42. Bf7 d5 43. Be8 Bb1 44.
Bd7 Ba2 45. Kc2 Bc4 46. Kd2 Kb6 47. Be8 Ka5 48. Bd7 Bb3 0-1

[Event "120'/40 Runde 5"]
[Site "julihzl"]
[Date "2004.11.12"]
[Round "5"]
[White "Nuber, Reinhard"]
[Black "Mayer, Arnd"]
[Result "1/2-1/2"]
[ECO "D13"]
[WhiteElo "1764"]
[BlackElo "2020"]
[Annotator ",FRED"]
[PlyCount "76"]
[EventDate "2004.??.??"]
[TimeControl "40/7200:0"]

{304MB, Fritz8.ctg, SCHACHCOM} 1. d4 d5 2. c4 c6 3. cxd5 cxd5 4. Nc3 Nf6 5. Nf3
e6 6. Qb3 Nc6 7. e3 Bd6 8. Bd3 O-O 9. O-O a6 10. Bd2 b5 11. Rac1 Bb7 12. Ne2
Ne4 13. Qd1 Rc8 14. Ng3 f5 15. Bb1 b4 16. Ne5 a5 17. f4 Nxe5 18. Nxe4 dxe4 19.
fxe5 Bb8 20. Rxc8 Bxc8 21. Bc2 Ba6 22. Rf2 Qd7 23. Bb3 g6 24. g3 Bb5 25. a3 a4
26. Bxb4 axb3 27. Bxf8 Kxf8 28. Qxb3 Bc7 29. Rc2 Bb6 30. Rc1 Kg7 31. a4 Bxd4
32. axb5 Bxe5 33. b6 h5 34. b7 Bb8 35. Qc3+ Kh7 36. Qc8 Qd2 37. Rc7+ Kh6 38.
Qxb8 Qxe3+ 1/2-1/2

[Event "120'/40 Runde 5"]
[Site "julihzl"]
[Date "2004.11.12"]
[Round "5"]
[White "Gonzalez, Juan Jose"]
[Black "Madeo, Giovanni"]
[Result "0-1"]
[ECO "B19"]
[WhiteElo "1697"]
[BlackElo "1877"]
[Annotator ",FRED"]
[PlyCount "151"]
[EventDate "2004.??.??"]
[TimeControl "40/7200:0"]

{304MB, Fritz8.ctg, SCHACHCOM} 1. e4 c6 2. d4 d5 3. Nc3 dxe4 4. Nxe4 Bf5 5. Ng3
Bg6 6. h4 h6 7. Nf3 Nd7 8. h5 Bh7 9. Bd3 Bxd3 10. Qxd3 Qc7 11. Bd2 Ngf6 12.
O-O-O O-O-O 13. c4 e6 14. Ne4 Nxe4 15. Qxe4 Nf6 16. Qe2 c5 17. Bc3 Qf4+ 18. Bd2
Qc7 19. g3 cxd4 20. Bf4 d3 21. Bxc7 dxe2 22. Rxd8+ Kxc7 23. Ra8 Nd7 24. Re1 a6
25. Rxe2 Nb6 26. Re8 Kd7 27. c5 Kxe8 28. cxb6 Bc5 29. Rc2 Bxb6 30. Rc8+ Bd8 31.
Rb8 b6 32. Ne5 Rf8 33. Nc6 Kd7 34. Nxd8 Rxd8 35. Rxb6 Rc8+ 36. Kd2 Rc6 37. Rb7+
Ke8 38. a4 Rc5 39. g4 Rc4 40. a5 Rc6 41. b4 Kf8 42. Rb6 Rc4 43. f3 Rf4 44. b5
axb5 45. Rxb5 Rxf3 46. a6 Ra3 47. Rb6 f5 48. gxf5 exf5 49. Kc2 f4 50. Kb2 Ra5
51. Kc3 f3 52. Kd2 f2 53. Ke2 Ra2+ 54. Kf1 Kf7 55. Rg6 Ra5 56. Rb6 Ra2 57. Kg2
Kg8 58. Rb8+ Kh7 59. Rb6 Ra5 60. Kxf2 Rxh5 61. a7 Ra5 62. Rb7 h5 63. Kg3 Ra4
64. Kh3 h4 65. Rb4 Rxa7 66. Rxh4+ Kg6 67. Rb4 Kh5 68. Rb5+ g5 69. Rb3 Ra1 70.
Rb5 Ra3+ 71. Kg2 Kh4 72. Rb8 Kg4 73. Kf2 Ra2+ 74. Kf1 Kg3 75. Rg8 g4 76. Rb8
0-1

[Event "120'/40 Runde 5"]
[Site "julihzl"]
[Date "2004.11.12"]
[Round "5"]
[White "Kühn, Bernd"]
[Black "Schwab, Matthias"]
[Result "0-1"]
[ECO "A08"]
[WhiteElo "1704"]
[BlackElo "1862"]
[Annotator ",FRED"]
[PlyCount "84"]
[EventDate "2004.??.??"]
[TimeControl "40/7200:0"]

{304MB, Fritz8.ctg, SCHACHCOM} 1. Nf3 d5 2. g3 c5 3. Bg2 Nc6 4. O-O e5 5. d3
Nf6 6. Nbd2 Be7 7. e4 dxe4 8. dxe4 O-O 9. c3 Qc7 10. Qc2 b5 11. a4 b4 12. Nc4
Ba6 13. Nfd2 Rfd8 14. Re1 Rab8 15. Bf1 Ne8 16. Ne3 Bxf1 17. Ndxf1 b3 18. Qe2
Nf6 19. Nf5 Qd7 20. Nxe7+ Nxe7 21. Bg5 Qd3 22. Bxf6 Qxe2 23. Rxe2 gxf6 24. Ne3
Rd7 25. c4 Rd4 26. Nd5 Nxd5 27. cxd5 f5 28. f3 fxe4 29. fxe4 Rbb4 30. Rae1 Rxa4
31. Kg2 Rac4 32. Kf3 Kg7 33. Re3 Rb4 34. R1e2 a5 35. Kg4 Kg6 36. Kf3 a4 37. h4
h5 38. Re1 Rbc4 39. Rc3 Rxc3+ 40. bxc3 Rd3+ 41. Ke2 c4 42. Rd1 b2 0-1

[Event "120'/40 Runde 5"]
[Site "julihzl"]
[Date "2004.11.12"]
[Round "5"]
[White "Jehle, Bernhard"]
[Black "Grupp, Berthold"]
[Result "1/2-1/2"]
[ECO "C03"]
[WhiteElo "1817"]
[BlackElo "1730"]
[Annotator ",FRED"]
[PlyCount "56"]
[EventDate "2004.??.??"]
[TimeControl "40/7200:0"]

{304MB, Fritz8.ctg, SCHACHCOM} 1. e4 e6 2. d4 d5 3. Nd2 Be7 4. c3 c5 5. exd5
Qxd5 6. Ngf3 Nc6 7. Bc4 Qd8 8. Nb3 cxd4 9. Nbxd4 Nxd4 10. cxd4 Bb4+ 11. Bd2 Qa5
12. O-O Bxd2 13. Nxd2 Nf6 14. Nb3 Qb6 15. Qe2 O-O 16. Rac1 Bd7 17. Rc3 Bc6 18.
Qe5 Nd7 19. Qg5 Qd8 20. Qd2 Nb6 21. Be2 Qf6 22. Na5 Bd5 23. Bf3 Bxf3 24. Rxf3
Qe7 25. Rg3 Rac8 26. h4 Nd5 27. h5 b6 28. Nb3 Rc7 1/2-1/2